 Dungeon Crawl Stone Soup version 0.21.1-1-g345015f (webtiles) character file.

36 Fang the Skirmisher (level 3, -3/36 HPs)
             Began as a Gargoyle Berserker on May 29, 2018.
             Was a Believer of Trog.
             Slain by mjlorenzo's ghost (6 damage)
             ... on level 3 of the Dungeon.
             The game lasted 00:01:07 (1851 turns).

Fang the Skirmisher (Gargoyle Berserker)            Turns: 1851, Time: 00:01:08

Health: -3/36      AC:  5    Str: 26    XL:     3   Next: 37%
Magic:  3/3        EV: 12    Int:  7    God:    Trog [**....]
Gold:   111        SH:  0    Dex:  9    Spells: 2/2 levels left

rFire    . . .     SeeInvis .   a - +0 hand axe
rCold    . . .     Gourm    .   (no shield)
rNeg     + . .     Faith    .   b - +0 animal skin
rPois    ∞         Spirit   .   (no helmet)
rElec    +         Reflect  .   (no cloak)
rCorr    .         Harm     .   (no gloves)
MR       .....                  (no boots)
Stlth    ..........             (no amulet)
HPRegen  0.12/turn              h - ring of wizardry
MPRegen  0.08/turn              (no ring)

@: berserking, very quick
A: negative energy resistance 1, electricity resistance, unbreathing,
petrification resistance, rot immunity, AC +3
a: Berserk, Trog's Hand, Burn Spellbooks, Renounce Religion


You were on level 3 of the Dungeon.
You worshipped Trog.
Trog was pleased with you.
You were near starving.

You visited 1 branch of the dungeon, and saw 3 of its levels.

You collected 111 gold pieces.

Inventory:

Hand Weapons
 a - a +0 hand axe (weapon)
Armour
 b - a +0 animal skin (worn)
Jewellery
 h - a ring of wizardry (left hand)
 j - an uncursed ring of ice {unknown}
Wands
 k - a wand of digging (10)
Scrolls
 e - a scroll of fog {unknown}
 g - a scroll of fear {unknown}
 l - a scroll of enchant armour {unknown}
 m - a scroll of remove curse {unknown}
 o - a scroll of identify {unknown}
Potions
 d - a potion of might {unknown}
 f - a potion of agility {unknown}
 i - a potion of berserk rage {unknown}
 n - a potion of flight {unknown}
Comestibles
 c - 5 rations


   Skills:
 + Level 3.9 Fighting
 + Level 3.3 Axes
 + Level 2.3 Armour
 + Level 1.7 Dodging


You had 2 spell levels left.
You didn't know any spells.

Dungeon Overview and Level Annotations

Branches:
Dungeon (3/15)

Altars:

Annotations:
D:3 mjlorenzo's ghost, amateur TrBe


Innate Abilities, Weirdness & Mutations

You are resistant to torment.
Your stone body is resilient. (AC +3)
You are immune to poison.
You resist negative energy. (rN+)
You are resistant to electric shocks. (rElec)
You can survive without breathing.
You are immune to petrification.
You are immune to rotting.


Message History

You are too injured to fight recklessly!
You are too injured to fight recklessly!
You are too injured to fight recklessly!
You are too injured to fight recklessly!
You are too injured to fight recklessly!
You are too injured to fight recklessly!
A red film seems to cover your vision as you go berserk!
You feel yourself moving faster!
You feel mighty!
You are near starving!
The bat hits you but does no damage. x2; Mjlorenzo's ghost hits you.
* * * LOW HITPOINT WARNING * * *
You closely miss mjlorenzo's ghost. You closely miss the bat.
The bat misses you. The bat hits you but does no damage.
You slash mjlorenzo's ghost!
Mjlorenzo's ghost is lightly damaged.
You slash the bat!
You kill the bat!
Trog accepts your kill. Mjlorenzo's ghost hits you.
You die...

# #. #. ###
..... .#.##
...
#####W#######
#....@.......
#.###†########
#........#
########.# #.#
#.# #.# #.#
#.#


You could see mjlorenzo's ghost.

Vanquished Creatures
  A dart slug (D:1)
  A leopard gecko (D:1)
  2 ball pythons
  7 bats
  2 giant cockroaches
  2 goblins (D:1)
  5 hobgoblins (D:1)
  4 kobolds
  A quokka (D:3)
  5 frilled lizards
  A rat (D:1)
31 creatures vanquished.

Notes
Turn   | Place    | Note
-------+----------+-------------------------------------------
     0 | D:1      | Fang the Gargoyle Berserker began the quest for the Orb.
     0 | D:1      | Reached XP level 1. HP: 14/14 MP: 1/1
   297 | D:1      | Reached XP level 2. HP: 18/19 MP: 2/2
   750 | D:1      | Reached ** piety under Trog
   953 | D:1      | Reached XP level 3. HP: 24/24 MP: 3/3
  1840 | D:3      | Noticed mjlorenzo's ghost (amateur TrBe)
  1851 | D:3      | Slain by mjlorenzo's ghost

Skill      XL: |  1  2 |
---------------+-------+-----
Axes           | 3 |  3.3
Fighting       | |  3.9
Armour         | |  2.3
Dodging        | |  1.7

Action                   || total
-------------------------++-------
Melee: Hand axe          ||   109
Invok: Berserk           ||     1
 Stab: Sleeping          ||     1
  Eat: Chunk             ||     2
Armor: Animal skin       ||    48
Dodge: Dodged            ||   100
